PUB
ORLANDO ORACLES @ SEATTLE RAINIERS
04/08/1972
 
TOP OF THE 1ST
Orlando Oracles batting - Pitching for Seattle Rainiers : LHP Pedro Peña
Pitching: LHP Pedro Peña
Batting: RHB Dan Brown 0-0: Swinging Strike
0-1: Foul Ball, location: 7LMFF
0-2: Strikes out looking
Batting: LHB Rusty Staub 0-0: Swinging Strike
0-1: Called Strike
0-2: Strikes out looking
Batting: RHB Cesar Cedeno 0-0: Called Strike
0-1: Called Strike
0-2: SINGLE (Line Drive, 9S, EV 102.5 MPH)
Batting: RHB Bob Robertson 0-0: Swinging Strike
0-1: Ball
1-1: Called Strike
1-2: Strikes out swinging
Top of the 1st over - 0 runs, 1 hit, 0 errors, 1 left on base; Orlando 0 - Seattle 0
BOTTOM OF THE 1ST
Seattle Rainiers batting - Pitching for Orlando Oracles : RHP Toni Salonen
Pitching: RHP Toni Salonen
Batting: RHB Jon Daniels 0-0: SINGLE (Line Drive, 9LM, EV 105.6 MPH)
Batting: LHB Ricardo Castro 0-0: 2-RUN HOME RUN (Flyball, 89XD, EV 99.4 MPH), Distance : 412 ft
Batting: SHB Raúl Díaz 0-0: Called Strike
0-1: Ball
1-1: SOLO HOME RUN (Line Drive, 9LD, EV 96.9 MPH), Distance : 355 ft
Batting: LHB Ralph Boardman 0-0: Foul Ball, location: 9LMFF
0-1: SOLO HOME RUN (Line Drive, 89XD, EV 103.8 MPH), Distance : 420 ft
Batting: RHB Ron Santo 0-0: Swinging Strike
0-1: Called Strike
0-2: Strikes out swinging
Batting: RHB Aaron Andrews 0-0: Ball
1-0: Called Strike
1-1: Ball
2-1: Ground out 1-3 (Groundball, 15S, EV 63.8 MPH)
Batting: LHB Tom Haller 0-0: SINGLE (Groundball, 4D, EV 95.0 MPH)
Batting: LHB Leland Pearson 0-0: Ball
1-0: Called Strike
Tom Haller steals 2nd base
1-1: Fly out, F6 (Line Drive, 6, EV 69.4 MPH)
Bottom of the 1st over - 4 runs, 5 hits, 0 errors, 1 left on base; Orlando 0 - Seattle 4
TOP OF THE 2ND
Orlando Oracles batting - Pitching for Seattle Rainiers : LHP Pedro Peña
Batting: RHB Miguel Chávez 0-0: Called Strike
0-1: Foul Ball, location: 9LMF
0-2: Ball
1-2: Strikes out swinging
Batting: LHB Ken'ichi Taketo 0-0: Foul Ball, location: 7LSF
0-1: Ball
1-1: Ball
2-1: Ball
3-1: Called Strike
3-2: Ground out 4-3 (Groundball, 13, EV 78.1 MPH)
Batting: RHB Bill Freehan 0-0: Ball
1-0: Ground out 6-3 (Groundball, 6, EV 100.0 MPH)
Top of the 2nd over - 0 runs, 0 hits, 0 errors, 0 left on base; Orlando 0 - Seattle 4
BOTTOM OF THE 2ND
Seattle Rainiers batting - Pitching for Orlando Oracles : RHP Toni Salonen
Batting: SHB Pedro Peña 0-0: SOLO HOME RUN (Flyball, 89XD, EV 98.8 MPH), Distance : 389 ft
Batting: RHB Jon Daniels 0-0: Ball
1-0: Ground out U3 (Groundball, 34, EV 76.9 MPH)
Batting: LHB Ricardo Castro 0-0: Swinging Strike
0-1: DOUBLE (Flyball, 8RXD, EV 102.5 MPH)
Batting: SHB Raúl Díaz 0-0: Called Strike
0-1: Swinging Strike
0-2: Ground out 4-3 (Groundball, 34, EV 106.3 MPH)
Ricardo Castro to third
Batting: LHB Ralph Boardman 0-0: Called Strike
0-1: Ball
1-1: Foul Ball, location: 2F
1-2: Foul Ball, location: 2F
1-2: Foul Ball, location: 3FF
1-2: Ball
2-2: Strikes out looking
Bottom of the 2nd over - 1 run, 2 hits, 0 errors, 1 left on base; Orlando 0 - Seattle 5
TOP OF THE 3RD
Orlando Oracles batting - Pitching for Seattle Rainiers : LHP Pedro Peña
Batting: LHB Kevin Crum 0-0: Foul Ball, location: 2F
0-1: Called Strike
0-2: Ball
1-2: Strikes out swinging
Batting: RHB Toni Salonen 0-0: Swinging Strike
0-1: Foul Ball, location: 3FF
0-2: Strikes out looking
Batting: RHB Dan Brown 0-0: Fly out, F3 (Popup, 34S, EV 69.4 MPH)
Top of the 3rd over - 0 runs, 0 hits, 0 errors, 0 left on base; Orlando 0 - Seattle 5
BOTTOM OF THE 3RD
Seattle Rainiers batting - Pitching for Orlando Oracles : RHP Toni Salonen
Batting: RHB Ron Santo 0-0: Swinging Strike
0-1: Called Strike
0-2: SINGLE (Groundball, 6D, EV 101.3 MPH)
Batting: RHB Aaron Andrews 0-0: Hit by Pitch
Ron Santo to second
Batting: LHB Tom Haller 0-0: Ball
1-0: Foul Ball, location: 2F
1-1: Ball
2-1: Swinging Strike
2-2: 3-RUN HOME RUN (Flyball, 9LD, EV 93.8 MPH), Distance : 335 ft
Batting: LHB Leland Pearson 0-0: Foul Ball, location: 7LSF
0-1: Foul Ball, location: 25FF
0-2: Ball
1-2: Ground out 6-3 (Groundball, 56, EV 108.1 MPH)
Batting: SHB Pedro Peña 0-0: SINGLE (Flyball, 8LS, EV 94.4 MPH)
Batting: RHB Jon Daniels 0-0: Fly out, F3 (Popup, 3F, EV 80.0 MPH)
Batting: LHB Ricardo Castro 0-0: Foul Ball, location: 25F
0-1: Ball
1-1: Ground out 5-3 (Groundball, 56, EV 109.4 MPH)
Bottom of the 3rd over - 3 runs, 3 hits, 0 errors, 1 left on base; Orlando 0 - Seattle 8
TOP OF THE 4TH
Orlando Oracles batting - Pitching for Seattle Rainiers : LHP Pedro Peña
Batting: LHB Rusty Staub 0-0: Foul Ball, location: 3FF
0-1: Ball
1-1: SINGLE (Groundball, 34D, EV 95.6 MPH)
Batting: RHB Cesar Cedeno 0-0: Ball
1-0: Ball
2-0: Foul Ball, location: 5SF
2-1: Swinging Strike
2-2: Ball
3-2: Foul Ball, location: 25F
3-2: Strikes out swinging
Batting: RHB Bob Robertson 0-0: Ball
1-0: Ball
2-0: Ball
3-0: Base on Balls
Rusty Staub to second
Batting: RHB Miguel Chávez 0-0: Foul Ball, location: 9LDF
0-1: Foul Ball, location: 7LMF
0-2: Ball
1-2: Foul Ball, location: 9LDF
1-2: Foul Ball, location: 2F
1-2: Ball
2-2: Strikes out looking
Batting: LHB Ken'ichi Taketo 0-0: Ball
1-0: Ball
2-0: Foul Ball, location: 3F
2-1: SINGLE (Line Drive, 8LS, EV 110.6 MPH)
Rusty Staub to third
Bob Robertson to second
Batting: RHB Bill Freehan 0-0: Called Strike
0-1: Swinging Strike
0-2: Strikes out swinging
Top of the 4th over - 0 runs, 2 hits, 0 errors, 3 left on base; Orlando 0 - Seattle 8
BOTTOM OF THE 4TH
Seattle Rainiers batting - Pitching for Orlando Oracles : RHP Toni Salonen
Batting: SHB Raúl Díaz 0-0: Foul Ball, location: 7LDF
0-1: Ball
1-1: Ball
2-1: Foul Ball, location: 2F
2-2: Foul Ball, location: 9LMF
2-2: Ball
3-2: SOLO HOME RUN (Flyball, 89XD, EV 98.1 MPH), Distance : 396 ft
Pitching: RHP Dean Chance
Batting: LHB Ralph Boardman 0-0: Ball
1-0: Called Strike
1-1: SINGLE (Line Drive, 56D, EV 95.6 MPH)
Batting: RHB Ron Santo 0-0: Ball
1-0: Swinging Strike
1-1: Swinging Strike
1-2: SINGLE (Line Drive, 9S, EV 93.8 MPH)
Ralph Boardman to second
Batting: RHB Aaron Andrews 0-0: SINGLE (Groundball, 4S, EV 71.3 MPH) (infield hit)
Ralph Boardman to third
Ron Santo to second
Batting: LHB Tom Haller 0-0: Called Strike
0-1: Ball
1-1: Swinging Strike
1-2: Ball
2-2: Strikes out looking
Batting: LHB Leland Pearson 0-0: Ball
1-0: Foul Ball, location: 2F
1-1: Foul Ball, location: 2F
1-2: Ball
2-2: Ball
3-2: Strikes out swinging
Batting: SHB Pedro Peña 0-0: Called Strike
0-1: Ground out 6-3 (Groundball, 6S, EV 70.0 MPH)
Bottom of the 4th over - 1 run, 4 hits, 0 errors, 3 left on base; Orlando 0 - Seattle 9
TOP OF THE 5TH
Orlando Oracles batting - Pitching for Seattle Rainiers : LHP Pedro Peña
Batting: LHB Kevin Crum 0-0: Ball
1-0: Ball
2-0: Swinging Strike
2-1: Fly out, F5 (Line Drive, 5L, EV 71.3 MPH)
Batting: RHB Dean Chance 0-0: Ball
1-0: Ball
2-0: Called Strike
2-1: Ball
3-1: Base on Balls
Batting: RHB Dan Brown 0-0: Ball
1-0: Called Strike
Balk!
Dean Chance to second
1-1: Called Strike
1-2: Ball
2-2: Ball
3-2: Foul Ball, location: 9LSF
3-2: Foul Ball, location: 9LDF
3-2: Base on Balls
Batting: LHB Rusty Staub 0-0: Called Strike
0-1: Swinging Strike
0-2: Strikes out swinging
Batting: RHB Cesar Cedeno 0-0: Swinging Strike
0-1: Ball
1-1: Called Strike
1-2: SINGLE (Line Drive, 78M, EV 108.1 MPH)
Dean Chance to third
Dan Brown to second
Runner from 3rd tries for Home, SAFE, throw by LF to home
Batting: RHB Bob Robertson 0-0: Ball
1-0: Ball
2-0: Ball
3-0: Called Strike
3-1: Called Strike
3-2: Ground out 6-3 (Groundball, 6, EV 100.0 MPH)
Top of the 5th over - 1 run, 1 hit, 0 errors, 2 left on base; Orlando 1 - Seattle 9
BOTTOM OF THE 5TH
Seattle Rainiers batting - Pitching for Orlando Oracles : RHP Dean Chance
Batting: RHB Jon Daniels 0-0: SINGLE (Line Drive, 34D, EV 105.0 MPH)
Batting: LHB Ricardo Castro 0-0: Ball
1-0: Called Strike
1-1: Fielders Choice at 2nd, 3-6 (Groundball, 3, EV 82.5 MPH)
Batting: SHB Raúl Díaz 0-0: Ball
1-0: Ball
2-0: Called Strike
2-1: Ball
3-1: Base on Balls
Ricardo Castro to second
Batting: LHB Ralph Boardman 0-0: Hit by Pitch
Ricardo Castro to third
Raúl Díaz to second
Batting: RHB Ron Santo 0-0: Foul Ball, location: 2F
0-1: Ball
1-1: SINGLE (Groundball, 6MS, EV 86.3 MPH)
Ricardo Castro scores
Raúl Díaz to third
Ralph Boardman to second
Batting: RHB Aaron Andrews 0-0: Foul Ball, location: 25F
0-1: Ball
1-1: Grounds into double play, 5-2-3 (Groundball, 56, EV 95.0 MPH)
Bottom of the 5th over - 1 run, 2 hits, 0 errors, 2 left on base; Orlando 1 - Seattle 10
TOP OF THE 6TH
Orlando Oracles batting - Pitching for Seattle Rainiers : LHP Pedro Peña
Batting: RHB Miguel Chávez 0-0: Ball
1-0: Fly out, F7 (Flyball, 7S, EV 86.3 MPH)
Batting: LHB Ken'ichi Taketo 0-0: SINGLE (Groundball, 5D, EV 99.4 MPH)
Batting: RHB Bill Freehan 0-0: Grounds into double play, 5-4-3 (Groundball, 56, EV 92.5 MPH)
Top of the 6th over - 0 runs, 1 hit, 0 errors, 0 left on base; Orlando 1 - Seattle 10
BOTTOM OF THE 6TH
Seattle Rainiers batting - Pitching for Orlando Oracles : RHP Dean Chance
Batting: LHB Tom Haller 0-0: Ball
1-0: Ball
2-0: Ball
3-0: Called Strike
3-1: Ground out 6-3 (Groundball, 6MS, EV 86.9 MPH)
Batting: LHB Leland Pearson 0-0: Ball
1-0: Called Strike
1-1: Ball
2-1: Fly out, F7 (Flyball, 7S, EV 76.3 MPH)
Batting: SHB Pedro Peña 0-0: Called Strike
0-1: Foul Ball, location: 7LMF
0-2: Ball
1-2: Strikes out swinging, 2-3 out at first.
Bottom of the 6th over - 0 runs, 0 hits, 0 errors, 0 left on base; Orlando 1 - Seattle 10
TOP OF THE 7TH
Orlando Oracles batting - Pitching for Seattle Rainiers : LHP Pedro Peña
Batting: LHB Kevin Crum 0-0: Called Strike
0-1: Ball
1-1: Called Strike
1-2: Strikes out swinging
Batting: RHB Dean Chance 0-0: Called Strike
0-1: Called Strike
0-2: Ball
1-2: Ground out 6-3 (Groundball, 6, EV 106.9 MPH)
Batting: RHB Dan Brown 0-0: Called Strike
0-1: SOLO HOME RUN (Line Drive, 7LD, EV 97.5 MPH), Distance : 366 ft
Batting: LHB Rusty Staub 0-0: Called Strike
0-1: Swinging Strike
0-2: Foul Ball, location: 2F
0-2: Strikes out swinging
Top of the 7th over - 1 run, 1 hit, 0 errors, 0 left on base; Orlando 2 - Seattle 10
BOTTOM OF THE 7TH
Seattle Rainiers batting - Pitching for Orlando Oracles : RHP Dean Chance
Batting: RHB Jon Daniels 0-0: Called Strike
0-1: Called Strike
0-2: Strikes out swinging
Batting: LHB Ricardo Castro 0-0: Ball
1-0: Foul Ball, location: 3FF
1-1: Fly out, F8 (Flyball, 8RM, EV 80.0 MPH)
Batting: SHB Raúl Díaz 0-0: Foul Ball, location: 25F
0-1: Ball
1-1: Ball
2-1: Ball
3-1: Called Strike
3-2: Base on Balls
Batting: LHB Ralph Boardman 0-0: Ball
Raúl Díaz steals 2nd base
1-0: Ball
2-0: SINGLE (Line Drive, 89S, EV 85.0 MPH)
Raúl Díaz to third
Runner from 3rd tries for Home, SAFE, throw by RF to home
Ralph Boardman to second
Batting: RHB Ron Santo 0-0: Swinging Strike
0-1: Ball
1-1: Foul Ball, location: 2F
1-2: Ball
2-2: Ball
3-2: Strikes out swinging
Bottom of the 7th over - 1 run, 1 hit, 0 errors, 1 left on base; Orlando 2 - Seattle 11
TOP OF THE 8TH
Orlando Oracles batting - Pitching for Seattle Rainiers : LHP Pedro Peña
Batting: RHB Cesar Cedeno 0-0: Called Strike
0-1: Called Strike
0-2: SINGLE (Groundball, 6MS, EV 73.8 MPH) (infield hit)
Batting: RHB Bob Robertson 0-0: DOUBLE (Line Drive, 8RD, EV 100.6 MPH)
Cesar Cedeno to third
Batting: RHB Miguel Chávez 0-0: Foul Ball, location: 9LSF
0-1: Ball
1-1: Ground out 5-3 (Groundball, 5, EV 105.0 MPH)
Pinch Hitting: RHB Edward Wilson 0-0: Called Strike
0-1: Foul Ball, location: 5F
0-2: Foul Ball, location: 3SF
0-2: Ball
1-2: Strikes out swinging
Batting: RHB Bill Freehan 0-0: Called Strike
0-1: Foul Ball, location: 9LSF
0-2: Ball
1-2: Ball
2-2: Ball
3-2: Ground out 4-3 (Groundball, 34, EV 102.5 MPH)
Top of the 8th over - 0 runs, 2 hits, 0 errors, 2 left on base; Orlando 2 - Seattle 11
BOTTOM OF THE 8TH
Seattle Rainiers batting - Pitching for Orlando Oracles : RHP Dean Chance
Pitching: RHP Francis Myers
Now at 3B: Brian Burkill
Batting: RHB Aaron Andrews 0-0: Ball
1-0: Ball
2-0: Swinging Strike
2-1: Ball
3-1: Foul Ball, location: 2F
3-2: Strikes out swinging
Batting: LHB Tom Haller 0-0: Reached on error, E6 (Groundball, 6, EV 83.8 MPH)
Batting: LHB Leland Pearson 0-0: Ground out 4-3 (Groundball, 34, EV 80.6 MPH)
Tom Haller to third
Pinch Hitting: LHB Ted Kern 0-0: Foul Ball, location: 3F
0-1: Ball
1-1: Ground out 1-3 (Groundball, 13S, EV 60.0 MPH)
Bottom of the 8th over - 0 runs, 0 hits, 1 error, 1 left on base; Orlando 2 - Seattle 11
TOP OF THE 9TH
Orlando Oracles batting - Pitching for Seattle Rainiers : LHP Pedro Peña
Pitching: RHP Jim Palmer
Batting: LHB Kevin Crum 0-0: Ball
1-0: Ball
2-0: Fly out, F9 (Flyball, 9D, EV 109.4 MPH)
Batting: RHB Brian Burkill 0-0: Ball
1-0: Ball
2-0: Called Strike
2-1: Fly out, F9 (Flyball, 89D, EV 87.5 MPH)
Batting: RHB Dan Brown 0-0: SINGLE (Line Drive, 56D, EV 108.1 MPH)
Batting: LHB Rusty Staub 0-0: Called Strike
0-1: Foul Ball, location: 3F
0-2: Strikes out looking
Top of the 9th over - 0 runs, 1 hit, 0 errors, 1 left on base; Orlando 2 - Seattle 11
Thursday, February 22nd , 2024 - OOTP Baseball 24.8 Build 75